 Dungeon Crawl Stone Soup version 0.32-a0-705-g60f233581c (webtiles) character file.

Game seed: 15518637705354919571

52 Malificent the Trooper (level 4, -1/37 HPs)
             Began as a Formicid Monk on Mar 15, 2024.
             Killed by nerve-wracking pain
             ... invoked by Grinder
              (6 damage)
             ... on level 3 of the Dungeon.
             The game lasted 00:06:55 (1978 turns).

Malificent the Trooper (Formicid Monk)              Turns: 1978, Time: 00:06:56

Health: -1/37      AC:  6    Str: 18    XL:     4   Next: 8%
Magic:  4/4        EV: 12    Int:  9    God:
Gold:   138        SH:  0    Dex: 16    Spells: 3/3 levels left

rFire   . . .        a - +0 hand axe
rCold   . . .        d - orb {light}
rNeg    . . .        h - +3 leather armour
rPois   .            (helmet unavailable)
rElec   .            (no cloak)
rCorr   +            (no gloves)
SInv    +            (no boots)
Will    .....        (no amulet)
Stlth   +            j - ring of resist corrosion
HPRegen 0.26/turn    (no ring)
MPRegen 0.09/turn

%: no passive effects
@: glowing
A: permanent stasis, dig shafts and tunnels, antennae 3, four strong arms
a: Dig, Shaft Self


You were on level 3 of the Dungeon.
You visited 1 branch of the dungeon, and saw 3 of its levels.

You collected 138 gold pieces.

Inventory:

Hand Weapons
 a - a +0 hand axe (weapon)
Armour
 b - a +0 robe
 d - an orb of light (worn)
 e - a scarf of shadows
 h - a +3 leather armour (worn)
Jewellery
 j - a ring of resist corrosion (left hand)
Scrolls
 f - a scroll of blinking {unknown}
 i - 2 scrolls of immolation {unknown}
 k - 2 scrolls of identify {unknown}
 m - a scroll of fear {unknown}
Potions
 c - a potion of ambrosia
 g - a potion of curing {unknown}
 l - a potion of heal wounds {unknown}
 n - a potion of degeneration {unknown}


   Skills:
 + Level 4.1 Fighting
 + Level 3.5 Axes
 + Level 0.1 Armour
 + Level 3.2 Dodging


You had 3 spell levels left.
You didn't know any spells.
Your spell library contained the following spells:

 Spells                   Type           Power      Damage    Failure   Level
 Magic Dart               Conj           0%         1d3       43%         1
 Summon Small Mammal      Summ           0%         N/A       43%         1
 Call Imp                 Summ           0%         N/A       58%         2
 Call Canine Familiar     Summ           0%         N/A       82%         3
 Dazzling Flash           Conj/Hex       0%         N/A       82%         3
 Mephitic Cloud           Conj/Alch/Air  0%         N/A       82%         3
 Summon Blazeheart Golem  Fire/Summ      0%         N/A       99%         4
 Curse of Agony           Necr           0%         N/A       100%        5
 Silence                  Hex/Air        0%         N/A       100%        5
 Blink                    Tloc           Unusable   N/A       N/A         2

Dungeon Overview and Level Annotations

Branches:
Dungeon (3/15)

Altars:

Shops:
D:1 ?

Annotations:
D:3 Grinder


Innate Abilities, Weirdness & Mutations

You cannot be hasted, slowed, berserked, paralysed or teleported.
You can dig through walls and to a lower floor.
You have a pair of large antennae on your head. (SInv)
Your four strong arms can wield two-handed weapons with a shield.


Message History

Grinder says, "What is the universe for?"
Grinder barely misses you.
You hit Grinder but do no damage.
Grinder is moderately wounded.
Grinder barely misses you.
You hit Grinder.
Grinder is moderately wounded.
Grinder hits you.
You writhe in agony.
You closely miss Grinder.
Grinder is moderately wounded.
Grinder gestures at you. Pain shoots through your body!
You completely miss Grinder.
Grinder is moderately wounded.
Grinder hits you but does no damage.
You hit Grinder.
Grinder is heavily wounded.
Grinder barely misses you. Grinder hits you.
You writhe in agony.
You hit Grinder.
Grinder is severely wounded.
Grinder hits you but does no damage.
You hit Grinder but do no damage.
Grinder is severely wounded.
Grinder closely misses you.
You hit Grinder.
Grinder is severely wounded.
Grinder hits you.
You writhe in agony.
You hit Grinder.
Grinder is severely wounded.
Grinder closely misses you.
You hit Grinder.
Grinder is almost dead.
Grinder blinks!
Grinder gestures at you. Pain shoots through your body!
* * * LOW HITPOINT WARNING * * *
Grinder gestures at you. Pain shoots through your body!
You die...
Grinder sighs, "Dead already?
I want a refund."

..### ..#..
..#.##
###+#.#..#
...#.#..#######
#...#..5@....#
#...#..#####.#
#......# #
##.<##.#
#......##.#
#.##...##.#
#...##.#
#...##.#
#...##.#


You could see Grinder.

Vanquished Creatures
  2 dart slugs
  2 ribbon worms (D:2)
  6 ball pythons
  2 endoplasms (D:1)
  3 giant cockroaches
  3 goblins
  4 hobgoblins
  2 jackals (D:1)
  3 kobolds
  3 quokkas
  7 bats
  2 frilled lizards (D:2)
  2 rats
41 creatures vanquished.

Notes
Turn   | Place    | Note
-------+----------+-------------------------------------------
     0 | D:1      | Malificent the Formicid Monk began the quest for the Orb.
     0 | D:1      | Reached XP level 1. HP: 18/18 MP: 1/1
    33 | D:1      | Reached XP level 2. HP: 13/24 MP: 2/2
   437 | D:1      | Found a faded altar of an unknown god.
   439 | D:1      | Reached XP level 3. HP: 19/30 MP: 3/3
  1042 | D:1      | Found The Oracle's Delphic Readings.
  1387 | D:2      | Reached skill level 4 in Fighting
  1519 | D:2      | Reached XP level 4. HP: 35/37 MP: 4/4
  1958 | D:3      | Noticed Grinder
  1978 | D:3      | Killed from afar by Grinder

Illustrated notes

Levels and vault maps discovered:
D:1:      wander_arrival_chamber, layout_basic, shapermc_ecumenical_altar_venn,
          st_stairs_9, nicolae_nh_oracle_at_delphi
D:2:      layout_loops_ring, chequers_serial_rivers_room_a,
          hangedman_abyss_or_decor_stabs
D:3:      layout_basic, nicolae_overflow_ecumenical_swirl, lemuel_tele_altar,
          uniq_grinder

Skill      XL: |  1  2  3 |
---------------+----------+-----
Dodging        | 3 |  3.2
Fighting       | 4 |  4.1
Axes           | |  3.5
Armour         | |  0.1

Action                     |  1- 3 |  4- 6 || total
---------------------------+-------+-------++-------
  Melee: Hand axe          |   114 |    34 ||   148
 Armour: Robe              |    50 |       ||    50
         Leather armour    |    34 |    17 ||    51
  Dodge: Dodged            |    95 |    23 ||   118

Table legend: (Time is in decaauts)
 A = Elapsed time spent in this place.
 B = Non-inter-level travel time spent in this place.
 C = Inter-level travel time spent in this place.
 D = Time resting spent in this place.
 E = Time spent auto-exploring this place.
 F = Levels seen in this place.
 G = Mean time per level.
                   A        B        C        D        E       F      G
               +--------+--------+--------+--------+--------+-----+--------+
         Total |   1997 |   1950 |     47 |      0 |   1482 |   3 |  665.7 |
       Dungeon |   1997 |   1950 |     47 |      0 |   1482 |   3 |  665.7 |
               +--------+--------+--------+--------+--------+-----+--------+

Top non-repeatable levels by time:
     D:1: 1168 daAuts
     D:2: 790 daAuts
     D:3: 38 daAuts
